 Dungeon Crawl Stone Soup version 0.29.0-13-gc9e81de378 (webtiles) character file.

Game seed: 6333776821588902902

5707 ILmort the Destroyer (level 10, -10/81 HPs)
             Began as a Pale Draconian Conjurer on Sept 9, 2022.
             Was a Believer of Vehumet.
             Mangled by a sixfirhy (12 damage)
             ... summoned by a kobold demonologist
             ... on level 9 of the Dungeon.
             The game lasted 00:52:50 (12934 turns).

ILmort the Destroyer (Pale Draconian Conjurer)     Turns: 12934, Time: 00:52:51

Health: -10/81     AC: 10    Str: 15 (17) XL:     10   Next: 48%
Magic:  1/21       EV: 12    Int: 22      God:    Vehumet [**....]
Gold:   112        SH:  0    Dex:  9      Spells: 12/24 levels left

rFire   . . .      SeeInvis .   v - +4 quarterstaff (chaos)
rCold   . . .      Faith    .   (shield currently unavailable)
rNeg    . . .      Spirit   .   (body armour unavailable)
rPois   .          Reflect  .   (helmet restricted)
rElec   .          Harm     .   F - scarf {repulsion}
rCorr   +          Rampage  .   x - +1 pair of gloves
Will    .....                   w - +0 pair of boots
Stlth   ++........              (no amulet)
HPRegen 0.23/turn               h - +6 ring of strength
MPRegen 0.17/turn               q - ring of resist corrosion

@: repel missiles
A: breathe steam, AC +7, unfitting armour, cold-blooded, steam resistance,
stinger 1, deterioration 1, wild magic 1
a: Breathe Steam, Renounce Religion


You were on level 9 of the Dungeon.
You worshipped Vehumet.
Vehumet was pleased with you.
You visited 2 branches of the dungeon, and saw 10 of its levels.
You also visited: Ossuary.

You collected 336 gold pieces.
You spent 224 gold pieces at shops.

Inventory:

Hand Weapons
 a - a +0 short sword of freezing
 b - a +0 sling
 n - a +4 hand axe
 v - a +4 quarterstaff of chaos (weapon)
Missiles
 l - 14 poisoned darts (quivered)
Armour
 r - a +0 cloak
 w - a +0 pair of boots (worn)
 x - a +1 pair of gloves (worn)
 F - a scarf of repulsion (worn)
Jewellery
 h - a +6 ring of strength (left hand)
 q - a ring of resist corrosion (right hand)
 y - the ring "Jihacsall" {Fire Str+2 Dex+5}
   (You took it off an orc on level 6 of the Dungeon)

   [ring of fire]

   It enhances your fire magic.
   Str:       It affects your strength (+2).
   Dex:       It affects your dexterity (+5).
   rF:        It protects you from fire.
   rC:        It makes you vulnerable to cold.
 I - a ring of protection from fire
Wands
 c - a wand of flame (10)
Scrolls
 g - a scroll of poison
 k - 2 scrolls of enchant weapon
 m - a scroll of fog
 o - 2 scrolls of amnesia {unknown}
 s - 2 scrolls of blinking {unknown}
 t - 3 scrolls of teleportation
 u - a scroll of brand weapon
 B - 2 scrolls of immolation {unknown}
 G - a scroll of fear
 H - a scroll of vulnerability
 L - a scroll of identify
Potions
 d - 2 potions of attraction
 e - 2 potions of magic
 f - 5 potions of curing
 i - a potion of mutation
 j - 4 potions of cancellation
 p - 4 potions of might
 z - 6 potions of heal wounds
 A - 2 potions of brilliance
 C - a potion of ambrosia
 D - a potion of degeneration {unknown}
 E - a potion of lignification {unknown}
 J - a potion of resistance
 K - 2 potions of haste {unknown}


   Skills:
 + Level 5.3 Fighting
 - Level 1.7 Dodging
 - Level 1.7 Stealth
 + Level 7.5 Spellcasting
 - Level 9.0 Conjurations
 - Level 8.4 Hexes
 + Level 3.6 Fire Magic


You had 12 spell levels left.
You knew the following spells:

 Your Spells              Type           Power      Damage    Failure   Level
a - Magic Dart            Conj           100%       1d8       1%          1
b - Dazzling Flash        Conj/Hex       100%       N/A       1%          3
c - Fulminant Prism       Conj/Hex       28%        3d14      4%          4
d - Searing Ray           Conj           100%       2d8       1%          2
e - Scorch                Fire           62%        2d8       4%          2

Your spell library contained the following spells:

 Spells                   Type           Power      Damage    Failure   Level
 Mephitic Cloud           Conj/Pois/Air  27%        N/A       11%         3
 Blink                    Tloc           20%        N/A       17%         2
 Poisonous Vapours        Pois/Air       20%        N/A       17%         2
 Iskenderun's Mystic Bla  Conj/Tloc      36%        2d9       17%         4
 Lesser Beckoning         Tloc           10%        N/A       32%         3
 Corpse Rot               Necr/Pois/Air  10%        N/A       69%         4
 Manifold Assault         Tloc           10%        N/A       95%         5


Dungeon Overview and Level Annotations

Branches:
Dungeon (8/15)             Temple (1/1) D:5         Ossuary (visited)
   Lair: D:8-11

Altars:
Ashenzari
Cheibriados
Elyvilon
Fedhas
Gozag
Kikubaaqudgha
Makhleb
Qazlal
Ru
Sif Muna
Trog
Uskayaw
Vehumet
Wu Jian
Xom
Yredelemnul
Zin
The Shining One

Shops:
D:5 [

Annotations:
D:1 Crazy
D:7 exclusion: oklob plant
D:9 Grum


Innate Abilities, Weirdness & Mutations

You can breathe blasts of scalding, opaque steam.
Your pale cyan-grey scales are hard. (AC +7)
You cannot fit into any form of body armour.
You are cold-blooded and may be slowed by cold attacks.
You are immune to the effects of steam.
Your tail ends in a venomous barb.
Your body sometimes deteriorates upon taking damage.
Your spells are a little harder to cast, but a little more powerful.


Message History

Vehumet accepts your kill.
You hear an angry hiss.
Your Fighting skill increases to level 5!
Your Fire Magic skill increases to level 3!
You start resting.
A kobold demonologist is nearby!
The kobold demonologist casts a cantrip, but nothing happens.
The kobold demonologist mumbles some strange words.
The sixfirhy misses you. The sixfirhy hits you!
Your body deteriorates!
You feel weakened. The sixfirhy shocks you! The sixfirhy barely misses you.
The sixfirhy hits you but does no damage. x2
The sixfirhy attacks as you move away! The sixfirhy hits you!
The sixfirhy shocks you!
The sixfirhy hits you but does no damage.
The kobold demonologist casts a cantrip, but nothing happens.
The sixfirhy closely misses you. The sixfirhy hits you.
The sixfirhy shocks you!
* * * LOW HITPOINT WARNING * * *
Your body deteriorates!
You feel weakened. The sixfirhy hits you.
* * * LOW HITPOINT WARNING * * *
The sixfirhy shocks you!
* * * LOW HITPOINT WARNING * * *
The sixfirhy closely misses you.
Casting: Magic Dart (safe; 1% risk of failure)
Aiming: Searing Ray (safe; 1% risk of failure)
Aim: a sixfirhy (summoned, 61% to hit)
The searing ray hits the sixfirhy. (Press . to maintain the ray.)
Casting: Searing Ray (safe; 1% risk of failure)
Aiming: Fulminant Prism (dangerous; 4% risk of failure)
You conjure a prism of explosive energy!
A fulminant prism comes into view.
The sixfirhy hits you!
* * * LOW HITPOINT WARNING * * *
The sixfirhy shocks you!
You die...

#.#
######.#
#......#
#.######
#.# #.# #.#
#.# #@# #3#
#..#
#.#########
#...
#*......K.#
#..
#########.#
#.. #.# #.#
#.# #.#
#.#####.##
#...3.K...


You could see a sixfirhy (summoned, ally target) and a friendly fulminant prism.

Vanquished Creatures
  A hydra (D:9)
  A two-headed ogre (D:9)
  Sigmund (D:6)
  Edmund (D:6)
  A water moccasin (D:7)
  A sky beast (D:6)
  2 black bears
  3 ice beasts
  3 ogres (D:5)
  3 centaurs
  2 wolves (D:9)
  3 phantoms
  A kobold brigand (D:7)
  A necrophage (D:6)
  15 scorpions
  8 wights
  3 killer bees (D:9)
  2 howler monkeys
  6 jellies (D:7)
  2 orc priests
  2 hounds (D:6)
  2 human zombies (Ossuary)
  3 iguanas
  Crazy Yiuf (D:2)
  2 orc wizards (D:6)
  Natasha (twice) (D:3)
  4 scorpion zombies (Ossuary)
  3 mummies (Ossuary)
  17 gnolls
  7 adders
  5 shadow imps
  3 white imps (D:4)
  4 ufetubi
  4 worms
  A dart slug (D:4)
  13 orcs
  5 ball pythons
  17 endoplasms
  A giant cockroach (D:2)
  A gnoll zombie (Ossuary)
  6 goblins
  5 hobgoblins
  5 quokkas
  4 bats
  3 frilled lizards
  2 goblin zombies (Ossuary)
  3 hobgoblin zombies (Ossuary)
  15 kobolds
  2 orc zombies (Ossuary)
  6 rats
208 creatures vanquished.

Vanquished Creatures (others)
  8 demonic plants (D:4)
  71 fulminant prisms
  7 fungi (D:7)
  A plant (D:1)
87 creatures vanquished.

Grand Total: 295 creatures vanquished

Notes
Turn   | Place    | Note
-------+----------+-------------------------------------------
     0 | D:1      | ILmort the Draconian Conjurer began the quest for the Orb.
     0 | D:1      | Reached XP level 1. HP: 14/14 MP: 3/3
   387 | D:1      | Reached XP level 2. HP: 20/20 MP: 3/5
  1448 | D:2      | Reached skill level 5 in Conjurations
  1513 | D:2      | Reached XP level 3. HP: 26/26 MP: 4/6
  2097 | D:2      | Found a runed translucent door.
  2098 | D:2      | Noticed Crazy Yiuf
  2311 | D:3      | Found a shimmering blue altar of Sif Muna.
  2608 | D:3      | Reached XP level 4. HP: 33/33 MP: 5/7
  2815 | D:3      | Reached skill level 6 in Conjurations
  2910 | D:3      | Noticed Natasha
  2912 | D:3      | Killed Natasha
  2942 | D:3      | Learned a level 3 spell: Dazzling Flash
  2948 | D:3      | Noticed Natasha
  2953 | D:3      | Killed Natasha
  2954 | D:3      | Reached XP level 5. HP: 38/38 MP: 2/8
  3566 | D:3      | Found a faded altar of an unknown god.
  4251 | D:4      | Reached skill level 7 in Conjurations
  4545 | D:4      | Reached XP level 6. HP: 43/45 MP: 4/9
  4914 | D:4      | Gained mutation: Your spells are a little harder to cast,
                  | but a little more powerful. [potion of mutation]
  4914 | D:4      | Gained mutation: Your body sometimes deteriorates upon
                  | taking damage. [potion of mutation]
  4914 | D:4      | Gained mutation: Your tail ends in a venomous barb. [potion
                  | of mutation]
  4914 | D:4      | HP: 2/45 [poisoned by a scorpion]
  5174 | D:3      | HP: 2/45 [poisoned by a scorpion]
  5430 | D:4      | Reached skill level 1 in Hexes
  5599 | D:4      | Learned a level 4 spell: Fulminant Prism
  5711 | D:4      | HP: 2/45 [white imp/puff of frost (7)]
  6190 | D:4      | Learned a level 2 spell: Searing Ray
  6218 | D:5      | Entered Level 5 of the Dungeon
  6405 | D:4      | Your scales start taking on a pale cyan-grey colour.
  6405 | D:4      | Reached XP level 7. HP: 22/50 MP: 3/11
  6405 | D:4      | Gained mutation: You are immune to the effects of steam.
                  | [Pale Draconian growth]
  7080 | D:5      | Reached XP level 8. HP: 38/57 MP: 4/14
  7298 | D:5      | Found a staircase to the Ecumenical Temple.
  7313 | D:5      | Reached skill level 5 in Hexes
  7358 | Temple   | Entered the Ecumenical Temple
  7478 | Temple   | Became a worshipper of Vehumet
  7921 | D:2      | Killed Crazy Yiuf
  8102 | D:5      | Reached skill level 5 in Spellcasting
  8169 | D:5      | Found a snail-covered altar of Cheibriados.
  8170 | D:5      | Found a glowing silver altar of Zin.
  8234 | D:5      | Found Ixkylol's Armour Emporium.
  8239 | D:5      | Bought a +0 pair of boots for 63 gold pieces
  8239 | D:5      | Bought a +1 pair of gloves for 161 gold pieces
  8678 | D:6      | Identified the ring "Jihacsall" {Fire Str+2 Dex+5}
  8860 | D:6      | Reached XP level 9. HP: 62/62 MP: 10/17
  8950 | D:6      | Noticed Edmund
  8958 | D:6      | Noticed Sigmund
  8962 | D:6      | Killed Sigmund
  8976 | D:6      | Killed Edmund
  9690 | D:7      | Noticed a +0 spear
  9691 | D:7      | Noticed a +0 spear
  9691 | D:7      | Noticed a +0 short sword
  9691 | D:7      | Noticed a +0 dagger
  9692 | D:7      | Noticed a +0 falchion
  9692 | D:7      | Noticed a +0 dagger
  9693 | D:7      | Noticed a +0 short sword
  9693 | D:7      | Noticed a +0 falchion
  9698 | D:7      | Found a hide-covered altar of Uskayaw.
  9704 | D:7      | Reached * piety under Vehumet
  9704 | D:7      | Offered knowledge of Freeze by Vehumet.
  9812 | D:7      | Found a sand-covered staircase.
  9857 | Ossuary  | Entered an ossuary
 10055 | Ossuary  | Reached skill level 1 in Fighting
 10116 | Ossuary  | Reached skill level 8 in Conjurations
 11212 | D:7      | Offered knowledge of Scorch by Vehumet.
 11286 | D:7      | Found an ornate altar of the Wu Jian Council.
 11305 | D:7      | Found an ancient bone altar of Kikubaaqudgha.
 11362 | D:7      | Learned a level 2 spell: Scorch
 11384 | D:7      | Reached ** piety under Vehumet
 11435 | D:7      | Noticed an oklob plant
 11539 | D:7      | Reached XP level 10. HP: 78/78 MP: 9/20
 12180 | D:8      | Offered knowledge of Mephitic Cloud by Vehumet.
 12181 | D:8      | Reached skill level 1 in Fire Magic
 12219 | D:8      | You fall into a shaft and drop 1 floor!
 12481 | D:9      | Noticed Grum
 12627 | D:9      | Noticed a two-headed ogre
 12634 | D:9      | Killed a two-headed ogre
 12699 | D:9      | Noticed a four-headed hydra
 12833 | D:9      | Reached skill level 9 in Conjurations
 12902 | D:9      | Killed a four-headed hydra
 12903 | D:9      | Reached skill level 5 in Fighting
 12918 | D:9      | Noticed a sixfirhy
 12934 | D:9      | HP: 2/81 [sixfirhy[a kobold demonologist] (7)]
 12934 | D:9      | Mangled by a sixfirhy

Illustrated notes

Levels and vault maps discovered:
D:1:      dpeg_arrival_shelter, layout_basic, serial_forest,
          infiniplex_forest_clump_C, infiniplex_forest_clump_tiny,
          infiniplex_forest_clump_double, infiniplex_forest_join,
          infiniplex_forest_zigzag_1, infiniplex_forest_lined_2
D:2:      layout_loops_ring, uniq_crazy_yiuf_cottage
D:3:      layout_basic, lemuel_tele_altar, shapermc_ecumenical_altar_hornbeckon,
          uniq_natasha
D:4:      layout_loops_ring, serial_demonic, serial_demonic_g, serial_demonic_d,
          serial_demonic_d, serial_demonic_e
D:5:      layout_cave_pools, gammafunk_temple_overflow_pools,
          minmay_temple_entry_large_hall, serial_shops, kennysheep_little_box
D:6:      layout_cave_pools, serial_park, serial_park_square2,
          serial_park_tiny_1, serial_park_tiny_2, serial_park_avenue1,
          serial_park_tiny_1, uniq_sigmund, uniq_edmund
D:7:      lemuel_slime, layout_loops_corners, marbit_many_paths,
          nicolae_kikubaaqudgha_miasma_corner, nicolae_uskayaw_en_pointe,
          nicolae_ossuary_entry_monument
D:8:      layout_cave_pods, nemelex_spade_bored_becter,
          hangedman_minor_gate_pass
D:9:      kennysheep_ambush_hall, layout_loops_ring, minmay_checkerbox,
          uniq_grum
Temple:   minmay_temple_bridge_abc

Skill      XL: |  1  2  3  4  5  6  7  8  9 10 |
---------------+-------------------------------+-----
Conjurations   | 5 6 7 8 9 |  9.0
Hexes          | 2 4 6 8 |  8.4
Spellcasting   | 3 4 5 6 7 |  7.5
Fighting       | 3 5 |  5.3
Fire Magic     | 3 |  3.6
Dodging        | |  1.7
Stealth        | |  1.7

Action                   |  1- 3 |  4- 6 |  7- 9 | 10-12 || total
-------------------------+-------+-------+-------+-------++-------
Melee: Short sword       |     7 |    88 |     7 |       ||   102
       Tailslap          |       |    11 |     5 |     1 ||    17
       Quarterstaff      |       |       |    66 |     5 ||    71
 Fire: Sling             |     4 |       |       |       ||     4
 Cast: Magic Dart        |    81 |   126 |   151 |    12 ||   370
       Dazzling Flash    |       |    11 |       |       ||    11
       Fulminant Prism   |       |     2 |    50 |    20 ||    72
       Searing Ray       |       |       |    21 |    17 ||    38
 Abil: Breathe Steam     |       |       |     2 |       ||     2
  Use: Potion            |       |    10 |       |       ||    10
       Scroll            |       |     1 |     9 |     1 ||    11
 Stab: Invisible         |       |     1 |       |       ||     1
Armor: Skin              |    10 |    47 |    54 |    17 ||   128
Dodge: Dodged            |    19 |   111 |    76 |    33 ||   239
